TOP OF THE 1ST |
St. Louis Cardinals batting - Pitching for Los Angeles Dodgers : LHP Braxton Garrett
|
Pitching: LHP Braxton Garrett
|
|
Batting: RHB Adolis Garcia
|
0-0: Ball 1-0: Called Strike 1-1: Fly out, F7 (Line Drive, 78M, EV 93.1 MPH)
|
Batting: RHB Brendan Rodgers
|
0-0: Ball 1-0: Foul Ball, location: 9LMF 1-1: SINGLE (Line Drive, 6MD, EV 97.5 MPH)
|
Batting: RHB Alex Bregman
|
0-0: Ball 1-0: Called Strike 1-1: Ball 2-1: Called Strike 2-2: Foul Ball, location: 23F 2-2: Foul Ball, location: 2F 2-2: Ball 3-2: Fly out, F7 (Flyball, 7, EV 95.6 MPH)
|
Batting: LHB Juan Soto
|
0-0: Called Strike 0-1: Ball 1-1: Ball 2-1: Called Strike 2-2: Foul Ball, location: 25F 2-2: Ball 3-2: SINGLE (Flyball, 8LS, EV 95.0 MPH) Brendan Rodgers to second Brendan Rodgers to third
|
Batting: RHB Taylor Ward
|
0-0: Ball 1-0: Called Strike 1-1: Foul Ball, location: 9LSF 1-2: Ball 2-2: Ball 3-2: Base on Balls Juan Soto to second
|
Batting: LHB Lars Nootbaar
|
0-0: Ball 1-0: Ball 2-0: Fly out, F9 (Flyball, 9LM, EV 81.3 MPH)
|
Top of the 1st over - 0 runs, 2 hits, 0 errors, 3 left on base; St. Louis 0 - Los Angeles 0 |
BOTTOM OF THE 1ST |
Los Angeles Dodgers batting - Pitching for St. Louis Cardinals : RHP Mitch Keller
|
Pitching: RHP Mitch Keller
|
|
Batting: LHB Michael Brantley
|
0-0: Called Strike 0-1: Ball 1-1: Ground out U3 (Groundball, 3, EV 63.8 MPH)
|
Batting: LHB Jazz Chisholm Jr.
|
0-0: Ball 1-0: Fly out, F4 (Line Drive, 34D, EV 60.6 MPH)
|
Batting: LHB Kyle Manzardo
|
0-0: Ball 1-0: Swinging Strike 1-1: Swinging Strike 1-2: Strikes out looking
|
Bottom of the 1st over - 0 runs, 0 hits, 0 errors, 0 left on base; St. Louis 0 - Los Angeles 0 |
TOP OF THE 2ND |
St. Louis Cardinals batting - Pitching for Los Angeles Dodgers : LHP Braxton Garrett
|
Batting: SHB Ozzie Albies
|
0-0: Bunted foul 0-1: Ball 1-1: Called Strike 1-2: Ball 2-2: Foul Ball, location: 9LSF 2-2: Foul Ball, location: 2F 2-2: Foul Ball, location: 7LMF 2-2: Ball 3-2: Foul Ball, location: 7LSF 3-2: Ground out 6-3 (Groundball, 6, EV 103.8 MPH)
|
Batting: LHB Austin Meadows
|
0-0: Ball 1-0: Ball 2-0: Swinging Strike 2-1: Foul Ball, location: 2F 2-2: Strikes out swinging
|
Batting: RHB Luis Urias
|
0-0: Swinging Strike 0-1: Foul Ball, location: 5F 0-2: Foul Ball, location: 2F 0-2: Ball 1-2: Fly out, F8 (Flyball, 8LD, EV 82.5 MPH)
|
Top of the 2nd over - 0 runs, 0 hits, 0 errors, 0 left on base; St. Louis 0 - Los Angeles 0 |
BOTTOM OF THE 2ND |
Los Angeles Dodgers batting - Pitching for St. Louis Cardinals : RHP Mitch Keller
|
Batting: RHB Edward Olivares
|
0-0: Called Strike 0-1: Swinging Strike 0-2: Ball 1-2: Strikes out swinging
|
Batting: SHB Eduardo Escobar
|
0-0: Called Strike 0-1: Ball 1-1: Ball 2-1: Swinging Strike 2-2: Strikes out swinging
|
Batting: LHB Dominic Fletcher
|
0-0: Called Strike 0-1: Ball 1-1: Foul Ball, location: 2F 1-2: Ball 2-2: Ball 3-2: Fly out, F5 (Popup, 56, EV 60.0 MPH)
|
Bottom of the 2nd over - 0 runs, 0 hits, 0 errors, 0 left on base; St. Louis 0 - Los Angeles 0 |
TOP OF THE 3RD |
St. Louis Cardinals batting - Pitching for Los Angeles Dodgers : LHP Braxton Garrett
|
Batting: RHB Adolis Garcia
|
0-0: Foul Ball, location: 5F 0-1: Foul Ball, location: 25F 0-2: Foul Ball, location: 2F 0-2: Ground out 6-3 (Groundball, 6, EV 94.4 MPH)
|
Batting: RHB Brendan Rodgers
|
0-0: Ball 1-0: Ball 2-0: SINGLE (Line Drive, 8LS, EV 87.5 MPH)
|
Batting: RHB Alex Bregman
|
0-0: Ball 1-0: Called Strike 1-1: Foul Ball, location: 5F 1-2: Grounds into double play, 6-4-3 (Groundball, 6, EV 82.5 MPH)
|
Top of the 3rd over - 0 runs, 1 hit, 0 errors, 0 left on base; St. Louis 0 - Los Angeles 0 |
BOTTOM OF THE 3RD |
Los Angeles Dodgers batting - Pitching for St. Louis Cardinals : RHP Mitch Keller
|
Batting: RHB Jonathan Schoop
|
0-0: Ball 1-0: Foul Ball, location: 7LSF 1-1: Ball 2-1: Swinging Strike 2-2: Foul Ball, location: 9LSF 2-2: Fly out, F6 (Popup, 6S, EV 78.8 MPH)
|
Batting: LHB Franchy Cordero
|
0-0: Foul Ball, location: 3F 0-1: Ball 1-1: Foul Ball, location: 2F 1-2: Foul Ball, location: 5F 1-2: Strikes out swinging
|
Batting: RHB Tom Murphy
|
0-0: Called Strike 0-1: Fly out, F9 (Flyball, 9D, EV 110.6 MPH)
|
Bottom of the 3rd over - 0 runs, 0 hits, 0 errors, 0 left on base; St. Louis 0 - Los Angeles 0 |
TOP OF THE 4TH |
St. Louis Cardinals batting - Pitching for Los Angeles Dodgers : LHP Braxton Garrett
|
Pitching: RHP Jhoan Duran
|
|
Batting: LHB Juan Soto
|
0-0: Called Strike 0-1: Foul Ball, location: 2F 0-2: Ball 1-2: Foul Ball, location: 5F 1-2: Strikes out looking
|
Batting: RHB Taylor Ward
|
0-0: Ball 1-0: Fly out, F6 (Line Drive, 6M, EV 96.3 MPH)
|
Batting: LHB Lars Nootbaar
|
0-0: Called Strike 0-1: Ball 1-1: Ball 2-1: Called Strike 2-2: Ball 3-2: Strikes out looking
|
Top of the 4th over - 0 runs, 0 hits, 0 errors, 0 left on base; St. Louis 0 - Los Angeles 0 |
BOTTOM OF THE 4TH |
Los Angeles Dodgers batting - Pitching for St. Louis Cardinals : RHP Mitch Keller
|
Batting: LHB Michael Brantley
|
0-0: SOLO HOME RUN (Line Drive, 9D, EV 97.5 MPH), Distance : 370 ft
|
Batting: LHB Jazz Chisholm Jr.
|
0-0: Called Strike 0-1: Foul Ball, location: 7LMF 0-2: Ball 1-2: Strikes out swinging
|
Batting: LHB Kyle Manzardo
|
0-0: Ball 1-0: SINGLE (Line Drive, 56, EV 101.9 MPH)
|
Batting: RHB Edward Olivares
|
0-0: Ball 1-0: Foul Ball, location: 7LSF 1-1: Ball 2-1: Foul Ball, location: 2F 2-2: Ball 3-2: Fly out, F8 (Line Drive, 8LD, EV 90.0 MPH)
|
Batting: SHB Eduardo Escobar
|
0-0: Ball 1-0: Ball 2-0: Ball 3-0: Base on Balls Kyle Manzardo to second
|
Batting: LHB Dominic Fletcher
|
0-0: Foul Ball, location: 2F 0-1: Fly out, F7 (Flyball, 78S, EV 96.3 MPH)
|
Bottom of the 4th over - 1 run, 2 hits, 0 errors, 2 left on base; St. Louis 0 - Los Angeles 1 |
TOP OF THE 5TH |
St. Louis Cardinals batting - Pitching for Los Angeles Dodgers : RHP Jhoan Duran
|
Pitching: RHP Seth Elledge
|
|
Now at 1B: Sean Bouchard
|
|
Now at 3B: Jon Berti
|
|
Now at SS: Omar Estevez
|
|
Batting: SHB Ozzie Albies
|
0-0: Ball 1-0: Swinging Strike 1-1: Swinging Strike 1-2: Ball 2-2: Foul Ball, location: 2F 2-2: Foul Ball, location: 2F 2-2: Ball 3-2: Base on Balls
|
Batting: LHB Austin Meadows
|
0-0: Called Strike 0-1: Swinging Strike 0-2: Ball 1-2: Strikes out swinging
|
Batting: RHB Luis Urias
|
0-0: Called Strike 0-1: Swinging Strike 0-2: Ball 1-2: Strikes out looking
|
Batting: RHB Adolis Garcia
|
0-0: Called Strike 0-1: Foul Ball, location: 7LDF 0-2: Hit by Pitch Ozzie Albies to second
|
Batting: RHB Brendan Rodgers
|
0-0: Swinging Strike 0-1: Swinging Strike 0-2: Ball 1-2: SINGLE (Groundball, 56S, EV 75.6 MPH) (infield hit) Ozzie Albies to third Adolis Garcia to second
|
Pinch Hitting: RHB Brandon Drury
|
0-0: Called Strike 0-1: Ball 1-1: Fly out, F9 (Flyball, 9LS, EV 84.4 MPH)
|
Top of the 5th over - 0 runs, 1 hit, 0 errors, 3 left on base; St. Louis 0 - Los Angeles 1 |
BOTTOM OF THE 5TH |
Los Angeles Dodgers batting - Pitching for St. Louis Cardinals : RHP Mitch Keller
|
Now at 1B: Freddy Fermin
|
|
Now at 3B: Brandon Drury
|
|
Now in LF: Richie Palacios
|
|
Batting: RHB Jonathan Schoop
|
0-0: Called Strike 0-1: Foul Ball, location: 7LDF 0-2: Strikes out swinging
|
Batting: LHB Franchy Cordero
|
0-0: Ball 1-0: Fly out, F4 (Line Drive, 4, EV 70.6 MPH)
|
Batting: RHB Tom Murphy
|
0-0: Called Strike 0-1: Foul Ball, location: 3F 0-2: Ball 1-2: Ball 2-2: Ball 3-2: SINGLE (Groundball, 23, EV 68.8 MPH) (infield hit)
|
Pinch Hitting: LHB Will Benson
|
0-0: SINGLE (Line Drive, 34, EV 95.0 MPH) Tom Murphy to second Runner from 2nd tries for 3rd, SAFE, throw by RF made to third
|
Batting: RHB Sean Bouchard
|
0-0: Foul Ball, location: 7LDF 0-1: Swinging Strike 0-2: Strikes out looking
|
Bottom of the 5th over - 0 runs, 2 hits, 0 errors, 2 left on base; St. Louis 0 - Los Angeles 1 |
TOP OF THE 6TH |
St. Louis Cardinals batting - Pitching for Los Angeles Dodgers : RHP Seth Elledge
|
Pitching: LHP Kris Bubic
|
|
Now in LF: Edward Olivares
|
|
Now in CF: Will Benson
|
|
Batting: RHB Freddy Fermin
|
0-0: Called Strike 0-1: Swinging Strike 0-2: Ball 1-2: Ball 2-2: Ball 3-2: Fly out, F9 (Flyball, 89D, EV 109.4 MPH)
|
Batting: RHB Taylor Ward
|
0-0: Ball 1-0: Ball 2-0: Ground out 6-3 (Groundball, 6, EV 86.3 MPH)
|
Batting: LHB Richie Palacios
|
0-0: Called Strike 0-1: Foul Ball, location: 3F 0-2: Strikes out swinging
|
Top of the 6th over - 0 runs, 0 hits, 0 errors, 0 left on base; St. Louis 0 - Los Angeles 1 |
BOTTOM OF THE 6TH |
Los Angeles Dodgers batting - Pitching for St. Louis Cardinals : RHP Mitch Keller
|
Pitching: RHP Duane Underwood Jr.
|
|
Now at C: Jacob Stallings
|
|
Now at 2B: Brandon Drury
|
|
Now at 3B: Nick Senzel
|
|
Batting: RHB Jon Berti
|
0-0: Foul Ball, location: 9LMF 0-1: Foul Ball, location: 2F 0-2: Strikes out looking
|
Pinch Hitting: LHB Jarren Duran
|
0-0: Ball 1-0: Swinging Strike 1-1: Swinging Strike 1-2: Fly out, F7 (Line Drive, 78M, EV 95.6 MPH)
|
Batting: RHB Omar Estevez
|
0-0: Fly out, F8 (Flyball, 8RM, EV 93.1 MPH)
|
Bottom of the 6th over - 0 runs, 0 hits, 0 errors, 0 left on base; St. Louis 0 - Los Angeles 1 |
TOP OF THE 7TH |
St. Louis Cardinals batting - Pitching for Los Angeles Dodgers : LHP Kris Bubic
|
Pitching: RHP Phil Maton
|
|
Now in LF: Jarren Duran
|
|
Batting: RHB Nick Senzel
|
0-0: Ball 1-0: Ball 2-0: Ball 3-0: Called Strike 3-1: Base on Balls
|
Batting: LHB Austin Meadows
|
0-0: Foul Ball, location: 2F 0-1: Fly out, F8 (Flyball, 78M, EV 85.0 MPH)
|
Batting: RHB Luis Urias
|
0-0: Ball 1-0: Foul Ball, location: 2F 1-1: Foul Ball, location: 2F 1-2: Ball 2-2: Ground out 6-3 (Groundball, 56, EV 100.6 MPH) Nick Senzel to second
|
Batting: RHB Adolis Garcia
|
0-0: Ball 1-0: Called Strike 1-1: Foul Ball, location: 2F 1-2: DOUBLE (Line Drive, 78D, EV 101.9 MPH) Nick Senzel scores
|
Batting: RHB Brendan Rodgers
|
0-0: Ball 1-0: Called Strike 1-1: Swinging Strike 1-2: Strikes out looking
|
Top of the 7th over - 1 run, 1 hit, 0 errors, 1 left on base; St. Louis 1 - Los Angeles 1 |
BOTTOM OF THE 7TH |
Los Angeles Dodgers batting - Pitching for St. Louis Cardinals : RHP Duane Underwood Jr.
|
DELAY
|
Rain delay of 24 minutes in the 7th inning.
|
Pitching: RHP Scott Effross
|
|
Batting: LHB Ji-man Choi
|
0-0: Called Strike 0-1: Ball 1-1: Called Strike 1-2: Foul Ball, location: 2F 1-2: Ball 2-2: Foul Ball, location: 3F 2-2: Fly out, F9 (Flyball, 89D, EV 101.3 MPH)
|
Batting: RHB Jonathan Schoop
|
0-0: Ball 1-0: Foul Ball, location: 7LMF 1-1: Ball 2-1: Ball 3-1: Foul Ball, location: 2F 3-2: Fly out, F7 (Flyball, 7, EV 83.1 MPH)
|
Pinch Hitting: RHB Andrew Vaughn
|
0-0: Ball 1-0: Foul Ball, location: 5F 1-1: Ball 2-1: Ground out 4-3 (Groundball, 6, EV 85.6 MPH)
|
Bottom of the 7th over - 0 runs, 0 hits, 0 errors, 0 left on base; St. Louis 1 - Los Angeles 1 |
TOP OF THE 8TH |
St. Louis Cardinals batting - Pitching for Los Angeles Dodgers : RHP Phil Maton
|
Pitching: RHP Corbin Martin
|
|
Now at 1B: Andrew Vaughn
|
|
Now in RF: Sean Bouchard
|
|
Batting: RHB Brandon Drury
|
0-0: Ball 1-0: Called Strike 1-1: Ball 2-1: Foul Ball, location: 9LSF 2-2: Fly out, F9 (Flyball, 9D, EV 96.3 MPH)
|
Batting: RHB Freddy Fermin
|
0-0: Foul Ball, location: 9LDF 0-1: Ball 1-1: SINGLE (Line Drive, 6D, EV 97.5 MPH)
|
Batting: RHB Jacob Stallings
|
0-0: Foul Ball, location: 2F 0-1: Swinging Strike 0-2: Ball 1-2: Reached on error, E5 (Groundball, 56S, EV 100.6 MPH) Freddy Fermin to second
|
Batting: LHB Richie Palacios
|
0-0: Ball 1-0: Fly out, F7 (Flyball, 7LM, EV 83.1 MPH)
|
Batting: RHB Nick Senzel
|
0-0: Called Strike 0-1: Ball 1-1: Foul Ball, location: 9LDF 1-2: Ball 2-2: 3-RUN HOME RUN (Flyball, 9D, EV 97.5 MPH), Distance : 384 ft
|
Pitching: RHP Erik Swanson
|
|
Batting: LHB Austin Meadows
|
0-0: Ball 1-0: Foul Ball, location: 9LSF 1-1: Ground out U3 (Groundball, 34, EV 86.9 MPH)
|
Top of the 8th over - 3 runs, 2 hits, 1 error, 0 left on base; St. Louis 4 - Los Angeles 1 |
BOTTOM OF THE 8TH |
Los Angeles Dodgers batting - Pitching for St. Louis Cardinals : RHP Scott Effross
|
Pitching: RHP Yimi Garcia
|
|
Batting: RHB Tom Murphy
|
0-0: Foul Ball, location: 2F 0-1: Fly out, F9 (Line Drive, 89S, EV 91.9 MPH)
|
Batting: LHB Will Benson
|
0-0: SINGLE (Line Drive, 89S, EV 92.5 MPH)
|
Batting: RHB Sean Bouchard
|
0-0: Foul Ball, location: 2F 0-1: Ball 1-1: SINGLE (Line Drive, 89S, EV 90.0 MPH) Will Benson to second
|
Pinch Hitting: LHB Lewin Diaz
|
0-0: Foul Ball, location: 7LSF 0-1: Swinging Strike 0-2: Strikes out looking
|
Batting: LHB Jarren Duran
|
0-0: Ball 1-0: Swinging Strike 1-1: Ball 2-1: Ball 3-1: Fly out, F9 (Line Drive, 9, EV 95.0 MPH)
|
Bottom of the 8th over - 0 runs, 2 hits, 0 errors, 2 left on base; St. Louis 4 - Los Angeles 1 |
TOP OF THE 9TH |
St. Louis Cardinals batting - Pitching for Los Angeles Dodgers : RHP Erik Swanson
|
Pitching: RHP Alex Faedo
|
|
Now at 3B: Spencer Torkelson
|
|
Batting: RHB Luis Urias
|
0-0: Fly out, F8 (Flyball, 8LM, EV 98.8 MPH)
|
Batting: RHB Adolis Garcia
|
0-0: Fly out, F7 (Flyball, 7LM, EV 111.3 MPH)
|
Batting: RHB Brendan Rodgers
|
0-0: Ball 1-0: Ground out 4-3 (Groundball, 4, EV 78.8 MPH)
|
Top of the 9th over - 0 runs, 0 hits, 0 errors, 0 left on base; St. Louis 4 - Los Angeles 1 |
BOTTOM OF THE 9TH |
Los Angeles Dodgers batting - Pitching for St. Louis Cardinals : RHP Yimi Garcia
|
Pitching: LHP Justin Bruihl
|
|
Batting: RHB Omar Estevez
|
0-0: Ball 1-0: Ball 2-0: Swinging Strike 2-1: Called Strike 2-2: Ground out 4-3 (Groundball, 4M, EV 105.0 MPH)
|
Batting: LHB Ji-man Choi
|
0-0: Ball 1-0: Ball 2-0: Foul Ball, location: 25F 2-1: Foul Ball, location: 2F 2-2: Ball 3-2: DOUBLE (Line Drive, 89XD, EV 106.3 MPH)
|
Batting: RHB Jonathan Schoop
|
0-0: Called Strike 0-1: Foul Ball, location: 9LSF 0-2: Strikes out looking
|
Batting: RHB Andrew Vaughn
|
0-0: Fly out, F8 (Flyball, 8LXD, EV 108.1 MPH)
|
Bottom of the 9th over - 0 runs, 1 hit, 0 errors, 1 left on base; St. Louis 4 - Los Angeles 1 |
|